 Dungeon Crawl Stone Soup version 0.30-a0-989-g0d87f670db (webtiles) character file.

Game seed: 6566752011320134860

48540 BlueFish the Unseen (level 14, -1/110 HPs)
             Began as an Octopode Transmuter on Apr 4, 2023.
             Was a Follower of Cheibriados.
             Slain by a troll (4 damage)
             ... led by an orc warlord
             ... while paralysed by an orc sorcerer
             ... on level 2 of the Orcish Mines.
             The game lasted 00:45:06 (22055 turns).

BlueFish the Unseen (Octopode Transmuter)          Turns: 22055, Time: 00:45:07

Health: -1/110     AC:  9    Str: 27    XL:     14   Next: 46%
Magic:  21/24      EV:  1    Int: 18    God:    Cheibriados [*.....]
Gold:   1945       SH:  0    Dex: 15    Spells: 16/26 levels left

rFire   x . .      SeeInvis +      - Unarmed
rCold   + + +      Faith    .    h - melded +3 kite shield of the Maze {+Inv rPois}
rNeg    + . .      Spirit   .    (helmet currently unavailable)
rPois   +          Reflect  .    X - amulet of the acrobat
rElec   .          Rampage  .    f - ring of poison resistance
rCorr   +                        g - +4 ring of slaying
Will    +....                    o - +5 ring of evasion
Stlth   +++++++                  q - +6 ring of strength
HPRegen 0.38/turn                r - +6 ring of strength
MPRegen 0.19/turn                O - ring of positive energy
                                 V - ring of see invisible
                                 Z - ring "Zoedajis" {Fly rCorr}

@: paralysed, ice-form, flying, studying Stealth, very slow
A: freezing attack, boosted hp, almost no armour, amphibious, 8 rings, large,
(camouflage 1), (gelatinous body 1), (nimble swimmer 1), (tentacles)
a: End Transformation, Renounce Religion, Bend Time


You were on level 2 of the Orcish Mines.
You worshipped Cheibriados.
Cheibriados was aware of your devotion.
You were a creature of crystalline ice.
You visited 3 branches of the dungeon, and saw 18 of its levels.
You also visited: Sewer.

You collected 1987 gold pieces.
You spent 42 gold pieces at shops.

Inventory:

Missiles
 a - 5 atropa-tipped darts
 e - 137 stones (quivered)
 G - 2 throwing nets
 I - 4 silver javelins
 K - 10 boomerangs
 W - 6 curare-tipped darts
 Y - 9 poisoned darts
Armour
 h - the +3 kite shield of the Maze (melded) {+Inv rPois}
   (You acquired it on level 5 of the Dungeon)

   rPois:     It protects you from poison.
   +Inv:      It lets you turn invisible.
 N - a +2 buckler
Jewellery
 f - a ring of poison resistance (left front paw)
 g - a +4 ring of slaying (right front paw)
 o - a +5 ring of evasion (on tentacle)
 q - a +6 ring of strength (on tentacle)
 r - a +6 ring of strength (on tentacle)
 O - a ring of positive energy (on tentacle)
 Q - an amulet of faith
 V - a ring of see invisible (on tentacle)
 X - an amulet of the acrobat (around neck)
 Z - the ring "Zoedajis" (on tentacle) {Fly rCorr}
   (You acquired it on level 1 of the Lair of Beasts)

   [ring of resist corrosion]

   Fly:       It grants you flight.
   rCorr:     It protects you from acid and corrosion.
Wands
 v - a wand of paralysis (16)
 w - a wand of acid (2)
 x - a wand of flame (63)
 y - a wand of polymorph (13)
 A - a wand of digging (21)
 T - a wand of iceblast (6)
Scrolls
 c - 7 scrolls of amnesia
 i - 5 scrolls of enchant armour
 k - 5 scrolls of poison
 m - 4 scrolls of fog
 p - a scroll of fear
 u - 2 scrolls of vulnerability
 z - a scroll of torment
 D - a scroll of immolation {unknown}
 J - 6 scrolls of teleportation
 M - 2 scrolls of brand weapon {unknown}
 P - a scroll of silence
 U - 2 scrolls of magic mapping
Potions
 b - 5 potions of haste
 d - 2 potions of berserk rage
 j - 5 potions of magic
 l - 5 potions of curing
 n - 4 potions of mutation
 s - 7 potions of might
 t - 3 potions of attraction
 B - a potion of degeneration {unknown}
 C - a potion of heal wounds
 E - 2 potions of brilliance
 F - 3 potions of cancellation
 H - 2 potions of ambrosia
 R - 3 potions of invisibility
 S - a potion of flight


   Skills:
 + Level 7.3 Fighting
 + Level 7.3 Throwing
 + Level 7.6 Dodging
 * Level 18.6 Stealth
 + Level 7.7 Shields
 + Level 7.9 Unarmed Combat
 + Level 6.9 Spellcasting
 + Level 7.7 Transmutations
 + Level 9.1 Ice Magic
 - Level 5.4 Poison Magic
 * Level 0.5 Invocations
 + Level 7.0 Evocations


You had 16 spell levels left.
You knew the following spells:

 Your Spells              Type           Power      Damage    Failure   Level
a - Beastly Appendage     Tmut           68%        N/A       1%          1
b - Wereblood             Tmut           34%        N/A       1%          2
c - Spider Form           Tmut/Pois      29%        N/A       2%          3
d - Ice Form              Ice/Tmut       36%        N/A       3%          4

Your spell library contained the following spells:

 Spells                   Type           Power      Damage    Failure   Level
 Poisonous Vapours        Pois/Air       30%        N/A       5%          2
 Cigotuvi's Dreadful Rot  Necr/Pois/Air  24%        N/A       8%          2
 Summon Small Mammal      Summ           24%        N/A       11%         1
 Mephitic Cloud           Conj/Pois/Air  12%        N/A       16%         3
 Call Canine Familiar     Summ           6%         N/A       32%         3
 Summon Guardian Golem    Hex/Summ       6%         N/A       32%         3
 Summon Forest            Summ/Tloc      3%         N/A       97%         5
 Summon Mana Viper        Hex/Summ       6%         N/A       97%         5
 Summon Cactus Giant      Summ           3%         N/A       100%        6
 Orb of Destruction       Conj           3%         9d5       100%        7
 Spellforged Servitor     Conj/Summ      3%         N/A       100%        7


Dungeon Overview and Level Annotations

Branches:
Dungeon (11/15)            Temple (0/1) D:7            Lair (5/5) D:11
  Swamp (0/4) Lair:2        Snake (0/4) Lair:2        Slime (0/5) Lair:5
    Orc (2/2) D:11          Sewer (visited)
    Elf: Orc:2

Altars:
Ashenzari
Cheibriados
Dithmenos
Elyvilon
Gozag
Hepliaklqana
Okawaru
Qazlal
Sif Muna
Trog
Uskayaw
Vehumet
Wu Jian
Zin
The Shining One
Jiyva

Shops:
D:3 *[   Orc:2 *

Annotations:
D:8 3 runed translucent doors, Ghostmaker01's ghost, novice MiFi
Lair:5 exclusion: obsidian statue


Innate Abilities, Weirdness & Mutations

You are a creature of crystalline ice.
You have a powerful freezing melee attack.
Your maximum health is increased.
Your armour is entirely melded.
You are incapable of wielding weapons or throwing items.
You cannot wear most types of armour.
You are amphibious.
You can wear up to eight rings at the same time.
((Your skin changes colour to match your surroundings (Stealth+).))
((Your rubbery body absorbs attacks. (AC +1, EV +1)))
((You are camouflaged when in or above water. (Stealth+)))
((You have tentacles for arms and can constrict up to eight enemies at once.))


Message History

The orc shouts!
You barely miss the orc sorcerer.
The orc sorcerer is moderately wounded.
You hear a shout! x3
The flow of time bends around you.
Cheibriados rebukes the orc.
The orc seems to slow down.
The troll resists with some effort.
The orc sorcerer resists with some effort.
The orc sorcerer gestures at you while chanting.
You suddenly lose the ability to move!
The troll bites you!
The troll claws you but does no damage. x2
An orc priest comes into view. It is wielding a +0 club.
The orange demon stings you but does no damage.
The orc hits you with a +0 hand axe of electrocution.
You are electrocuted!
An orc warlord comes into view.
It is wielding a +2 great sword of protection.
An orc wizard comes into view. It is wielding a +0 dagger.
The troll bites you! The troll claws you! x2
The orc sorcerer mumbles some strange words.
The orc sorcerer hits you with a +0 dagger.
The orc hits you but does no damage. The orange demon stings you from afar.
* * * LOW HITPOINT WARNING * * *
A warg comes into view.
The orc hits you but does no damage.
You hear a shout!
The troll bites you!
* * * LOW HITPOINT WARNING * * *
The troll claws you.
* * * LOW HITPOINT WARNING * * *
The troll claws you.
* * * LOW HITPOINT WARNING * * *
The orc sorcerer hits you with a +0 dagger.
* * * LOW HITPOINT WARNING * * *
The orc warlord roars a battlecry!
The orcs go into a battle-frenzy!
The orange demon stings you but does no damage.
The orc hits you with a +0 hand axe of electrocution.
* * * LOW HITPOINT WARNING * * *
The troll bites you.
You die...

..<.#.#.####.#...........##
...###...#####.#......####
.### ##.###.#........)# .#
####............## ##
##†....8.8....#
###.........### ##
##...##))'##...## .#
#..###)oo..###..# .# #.##
#8Yo.8# ##.# .## #.#
##oT.## #.# ..# #.# #O4o#
#.# ..## #.# oo4.+ #.#
...### #.# #.4.# #.# .....#
#.# #o8h# #.# ....## #.#
#...# #.# ....# #.# 'oo.+
#.# ....# #.# #.#


You could see an orc warlord, an orange demon (summoned), a rust devil
(summoned), a troll, a chaos spawn (summoned), a warg, 3 orc sorcerers, 2 orc
warriors, an ogre and 4 orcs.

Vanquished Creatures
  The ghost of Vuvadabb the Severer, a journeyman HOMo of Beogh (Orc:1)
  5 hydras
  4 two-headed ogres
  A death yak (Lair:5)
  A boulder beetle (Lair:5)
  Amaemon (Lair:2)
  Sonja (Lair:3)
  4 skysharks
  2 spectral death yaks (Lair:5)
  A deep elf pyromancer (D:11)
  Pikel (D:8)
  A lindwurm (Lair:4)
  An orc knight (Orc:1)
  2 necromancers (Lair:5)
  A manticore (D:11)
  13 elephants
  6 black mambas
  Maurice (D:8)
  A gargoyle (D:10)
  A dire elephant skeleton (Lair:5)
  An orange demon (Lair:2)
  A kobold demonologist (D:11)
  10 cane toads
  2 rime drakes
  14 komodo dragons
  7 trolls
  A polar bear (Lair:5)
  A hornet (Lair:1)
  4 blink frogs (Lair:3)
  11 dream sheep (Lair:5)
  A wraith (D:10)
  Sigmund (D:4)
  A dire elephant simulacrum (Lair:5)
  A shadow (D:9)
  28 yaks
  3 wyverns
  3 steam dragons
  3 wargs
  3 acid dragons
  11 water moccasins
  17 orc warriors
  3 black bears
  4 ice beasts (D:11)
  8 ogres
  An elephant zombie (Lair:5)
  4 centaurs
  4 wolves
  An elephant skeleton (Lair:5)
  A phantom (D:6)
  2 kobold brigands
  10 bullfrogs
  A cane toad simulacrum (Lair:5)
  3 scorpions
  14 wights
  6 killer bees (D:9)
  An electric eel (Lair:5)
  3 howler monkeys (D:10)
  3 hounds
  3 jellies
  A gnoll bouda (D:5)
  16 orc priests
  4 iguanas
  Natasha (thrice) (D:2)
  18 orc wizards
  Robin (D:2)
  11 adders
  4 gnolls (D:6)
  6 river rats (Sewer)
  A shadow imp (D:4)
  A white imp (D:7)
  An ufetubus (D:5)
  4 worms
  3 dart slugs
  83 orcs
  7 bats
  7 endoplasms
  5 giant cockroaches
  11 goblins
  6 hobgoblins
  4 jackals
  4 quokkas
  14 ball pythons
  5 frilled lizards
  8 kobolds
  15 rats
488 creatures vanquished.

Vanquished Creatures (others)
  An orc (D:9)
  22 fungi
  35 plants
  12 withered plants (Lair:5)
70 creatures vanquished.

Grand Total: 558 creatures vanquished

Notes
Turn   | Place    | Note
-------+----------+-------------------------------------------
     0 | D:1      | BlueFish the Octopode Transmuter began the quest for the
                  | Orb.
     0 | D:1      | Reached XP level 1. HP: 13/13 MP: 3/3
   210 | D:1      | Reached skill level 1 in Stealth
   213 | D:1      | Reached XP level 2. HP: 2/18 MP: 3/5
   580 | D:1      | Found a faded altar of an unknown god.
   676 | D:2      | Reached skill level 2 in Stealth
   750 | D:2      | Reached XP level 3. HP: 14/23 MP: 6/6
   755 | D:2      | Learned a level 2 spell: Wereblood
   759 | D:2      | Learned a level 3 spell: Spider Form
   838 | D:2      | Noticed Robin
   869 | D:2      | Killed Robin
   879 | D:2      | Noticed Natasha
   885 | D:2      | Killed Natasha
   886 | D:2      | Reached skill level 1 in Poison Magic
   886 | D:2      | Reached XP level 4. HP: 9/28 MP: 3/7
  1150 | D:2      | Noticed Natasha
  1163 | D:2      | Killed Natasha
  1164 | D:2      | Reached skill level 1 in Throwing
  1393 | D:2      | Reached XP level 5. HP: 33/33 MP: 8/8
  1532 | D:2      | Reached skill level 3 in Stealth
  1653 | D:2      | Noticed Natasha
  1659 | D:2      | Killed Natasha
  2017 | D:3      | Found Roawkack's General Store.
  2022 | D:3      | Bought a potion of curing for 42 gold pieces
  2207 | D:3      | Reached XP level 6. HP: 39/39 MP: 9/9
  2225 | D:3      | Found Ykurr's Antique Armour Shoppe.
  2627 | D:4      | Reached skill level 4 in Stealth
  2709 | D:4      | Noticed a water moccasin
  2716 | D:4      | Killed a water moccasin
  2717 | D:4      | Reached XP level 7. HP: 45/45 MP: 6/11
  2813 | D:4      | Learned a level 4 spell: Ice Form
  3074 | D:4      | Reached skill level 1 in Ice Magic
  3097 | D:4      | Noticed Sigmund
  3105 | D:4      | Killed Sigmund
  3106 | D:4      | Reached skill level 5 in Stealth
  3531 | D:5      | Entered Level 5 of the Dungeon
  3585 | D:5      | Reached XP level 8. HP: 35/51 MP: 12/12
  3691 | D:5      | Found a glowing drain.
  3732 | Sewer    | Entered a sewer
  4237 | D:5      | Reached skill level 6 in Stealth
  4244 | D:5      | Identified a scroll of acquirement
  4265 | D:5      | Acquired the +3 kite shield of the Maze {+Inv rPois}
  4364 | D:5      | Found a bloodstained altar of Trog.
  4411 | D:5      | Found a snail-covered altar of Cheibriados.
  4689 | D:6      | Reached skill level 5 in Poison Magic
  4807 | D:6      | Found an opulent altar of Gozag.
  4858 | D:6      | Reached XP level 9. HP: 57/57 MP: 14/14
  5279 | D:6      | Found a glowing silver altar of Zin.
  5279 | D:6      | Found a radiant altar of Vehumet.
  5279 | D:6      | Found a shadowy altar of Dithmenos.
  5279 | D:6      | Found a hazy altar of Hepliaklqana.
  5285 | D:6      | Found a hide-covered altar of Uskayaw.
  5285 | D:6      | Found a stormy altar of Qazlal.
  5424 | D:7      | Reached skill level 7 in Stealth
  5731 | D:7      | Found a staircase to the Ecumenical Temple.
  5747 | D:7      | Found an ornate altar of the Wu Jian Council.
  5900 | D:7      | Found an iron altar of Okawaru.
  6186 | D:8      | Reached skill level 1 in Shields
  6186 | D:8      | Reached skill level 1 in Evocations
  6194 | D:8      | Noticed Pikel
  6219 | D:8      | Killed Pikel
  6425 | D:8      | Noticed Maurice
  6438 | D:8      | Killed Maurice
  6439 | D:8      | Reached skill level 8 in Stealth
  6439 | D:8      | Reached skill level 5 in Unarmed Combat
  6713 | D:8      | Reached XP level 10. HP: 63/63 MP: 10/16
  6791 | D:8      | Found a runed translucent gate.
  6792 | D:8      | Found a runed translucent gate.
  6792 | D:8      | Found a runed translucent gate.
  6794 | D:8      | Noticed Ghostmaker01's ghost (novice MiFi)
  7490 | D:9      | Reached skill level 5 in Ice Magic
  7531 | D:9      | Found a broken altar of Ashenzari.
  7706 | D:9      | Reached skill level 9 in Stealth
  8098 | D:9      | Noticed a two-headed ogre
  8112 | D:9      | Killed a two-headed ogre
  8113 | D:9      | Reached skill level 5 in Dodging
  8113 | D:9      | Reached skill level 10 in Stealth
  8113 | D:9      | Reached skill level 5 in Transmutations
  8341 | D:9      | Found a shimmering blue altar of Sif Muna.
  8404 | D:9      | Found a glowing golden altar of the Shining One.
  8445 | D:10     | Entered Level 10 of the Dungeon
  8697 | D:10     | Reached XP level 11. HP: 57/70 MP: 15/18
  8810 | D:10     | Noticed an eight-headed hydra
  8848 | D:10     | Reached skill level 11 in Stealth
  9340 | D:10     | Found a white marble altar of Elyvilon.
  9918 | D:11     | Reached skill level 5 in Spellcasting
  9918 | D:11     | Noticed a two-headed ogre
  9922 | D:11     | Reached skill level 5 in Fighting
  9934 | D:11     | Killed a two-headed ogre
 10298 | D:11     | Noticed a two-headed ogre
 10306 | D:11     | Reached skill level 5 in Throwing
 10395 | D:11     | Reached skill level 12 in Stealth
 10525 | D:11     | Found a staircase to the Lair.
 10557 | D:11     | Killed a two-headed ogre
 10611 | D:11     | Noticed a deep elf pyromancer
 10621 | D:11     | Killed a deep elf pyromancer
 10728 | D:11     | Noticed a manticore
 10739 | D:11     | Killed a manticore
 10878 | D:11     | Found a staircase to the Orcish Mines.
 11239 | Lair:1   | Entered Level 1 of the Lair of Beasts
 11464 | Lair:1   | Reached skill level 5 in Shields
 11669 | Lair:1   | Reached skill level 13 in Stealth
 11904 | Lair:1   | Noticed a skyshark
 11925 | Lair:1   | Killed a skyshark
 11926 | Lair:1   | Reached XP level 12. HP: 71/77 MP: 16/20
 12037 | Lair:1   | Acquired the ring "Zoedajis" {Fly rCorr}
 12261 | Lair:2   | Found a staircase to the Swamp.
 12416 | Lair:2   | Found a staircase to the Snake Pit.
 12729 | Lair:2   | Reached skill level 14 in Stealth
 12739 | Lair:2   | Reached skill level 5 in Evocations
 12959 | Lair:2   | Noticed Amaemon
 12969 | Lair:2   | Killed Amaemon
 13149 | Lair:3   | Noticed a skyshark
 13151 | Lair:3   | Noticed Sonja
 13179 | Lair:3   | Killed a skyshark
 13646 | Lair:3   | Noticed a skyshark
 13886 | Lair:3   | Killed a skyshark
 14193 | Lair:4   | Reached skill level 15 in Stealth
 14811 | Lair:4   | Reached XP level 13. HP: 83/83 MP: 17/21
 15421 | Lair:3   | Killed Sonja
 16153 | Lair:5   | Entered Level 5 of the Lair of Beasts
 16168 | Lair:5   | Reached skill level 16 in Stealth
 17285 | Lair:5   | Reached skill level 17 in Stealth
 18061 | Lair:5   | Found a staircase to the Slime Pits.
 18062 | Lair:5   | Found a viscous altar of Jiyva.
 18222 | Lair:5   | Reached XP level 14. HP: 90/90 MP: 18/23
 18413 | Lair:5   | Noticed a dire elephant
 18413 | Lair:5   | Noticed a dire elephant
 18475 | Lair:5   | Noticed a dire elephant
 18475 | Lair:5   | Noticed a dire elephant
 18928 | Lair:5   | Reached skill level 18 in Stealth
 18983 | Lair:5   | Identified the +0 dagger of Premature Burial {heavy, rElec
                  | rN+++ Str-5 Dex+2}
 19250 | Orc:1    | Entered Level 1 of the Orcish Mines
 19447 | Orc:1    | Noticed Vuvadabb's ghost (journeyman HOMo)
 19471 | Orc:1    | Found a runed translucent door.
 20355 | Orc:1    | Killed Vuvadabb's ghost
 20479 | Orc:2    | Entered Level 2 of the Orcish Mines
 21253 | D:5      | Became a worshipper of Cheibriados the Contemplative
 21892 | Orc:2    | Found Kothri Lecwa's General Store.
 21899 | Orc:2    | Reached * piety under Cheibriados
 22052 | Orc:2    | Paralysed by an orc sorcerer for 4 turns
 22053 | Orc:2    | Noticed an orc warlord
 22054 | Orc:2    | HP: 3/110 [orc/+0 hand axe of electrocution[an orc warlord]
                  | (4)]
 22055 | Orc:2    | Slain by a troll

Illustrated notes

Levels and vault maps discovered:
D:1:      dpeg_arrival_yet_another_circle, layout_rooms,
          dreamdust_ecumenical_altar_sealed_demon
D:2:      layout_loops_corners, minmay_box_of_dots, uniq_natasha, uniq_robin
D:3:      layout_basic, serial_shops, shop, nicolae_square_shop
D:4:      layout_basic, nrook_campfire, serial_park_tiny_1, uniq_sigmund
D:5:      layout_rooms, marbit_many_paths, lightli_temple_of_fire,
          cheibrodos_sewer_entry_drain
D:6:      layout_loops_ring, nicolae_overflow_hidden_temple,
          minmay_overflow_temple_hex
D:7:      layout_cave_pools, mainiacjoe_overflow_alcove_1,
          mainiacjoe_overflow_chevrons, minmay_temple_entry_arrows,
          minmay_misc_feat_enclosed, minivault_23
D:8:      layout_loops_ring, ebering_ghost_rock_garden, uniq_maurice, uniq_pikel
D:9:      layout_roguey, evilmike_ruin_ashenzari,
          nicolae_tso_swordbearing_angel, kennysheep_mini_moat
D:10:     minmay_clustersquares, layout_loops_corners, mainiacjoe_overflow_paths
D:11:     layout_gridville, hellmonk_lair_entry_icy,
          minmay_orc_entry_temple_small
Lair:1:   layout_roguey, lemuel_fruit_fields
Lair:2:   layout_misc_corridors, swamp_mist, dummy_snake_entry, uniq_amaemon
Lair:3:   layout_loops_ring, chequers_serial_rivers_small_a, grunt_megastairs_4,
          uniq_sonja
Lair:4:   layout_gridlike
Lair:5:   due_jungle_book, layout_loops_ring, dpeg_slime_entry_corner,
          serial_bayou_pond_b, grunt_forest_stairs_basic
Orc:1:    layout_diamond_mine, hellmonk_ghost_happy_afterlife
Orc:2:    grunt_orc_community_town_hall, layout_diamond_mine,
          grunt_orc_community_big_house_1, grunt_orc_community_big_house_2,
          grunt_orc_community_house_2, grunt_orc_community_house_1,
          grunt_orc_community_house_3, grunt_orc_community_house_1

Skill      XL: |  1  2  3  4  5  6  7  8  9 10 11 12 13 14 |
---------------+-------------------------------------------+-----
Stealth        | 1 2 3 4 5 6 8 10 13 15 17 18 | 18.6
Poison Magic   | 1 2 3 5 |  5.4
Throwing       | 1 2 3 4 5 6 7 |  7.3
Fighting       | 2 3 4 5 6 7 |  7.3
Transmutations | 3 4 5 6 7 |  7.7
Dodging        | 3 4 5 6 7 |  7.6
Spellcasting   | 3 4 5 6 |  6.9
Ice Magic      | 1 3 4 5 7 8 9 |  9.1
Unarmed Combat | 4 5 6 7 |  7.9
Shields        | 1 3 5 6 7 |  7.7
Evocations     | 2 3 4 5 6 7 |  7.0
Invocations    | |  0.5

Action                     |  1- 3 |  4- 6 |  7- 9 | 10-12 | 13-15 || total
---------------------------+-------+-------+-------+-------+-------++-------
  Melee: Unarmed           |    61 |    94 |   240 |   458 |   462 ||  1315
         Constrict         |    16 |    20 |    20 |     2 |     2 ||    60
         Tentacles         |    10 |    14 |    16 |     1 |       ||    41
         Kick              |    10 |     3 |     4 |       |       ||    17
         Punch             |     1 |     1 |     1 |     1 |     1 ||     5
  Throw: Stone             |       |       |     1 |       |     2 ||     3
         Dart              |       |       |       |     1 |       ||     1
         Javelin           |       |       |       |       |     4 ||     4
   Cast: Beastly Appendage |     6 |     3 |     1 |       |       ||    10
         Wereblood         |     2 |       |       |     4 |     9 ||    15
         Spider Form       |       |     4 |    21 |    13 |     2 ||    40
         Ice Form          |       |       |       |    40 |    49 ||    89
 Invoke: Bend Time         |       |       |       |       |     1 ||     1
Ability: End Transformatio |       |       |       |       |     1 ||     1
    Use: Scroll            |       |     5 |    13 |    10 |     7 ||    35
         Potion            |       |       |       |     4 |     4 ||     8
   Stab: Sleeping          |     7 |    14 |    27 |    15 |     8 ||    71
         Distracted        |       |     2 |       |       |       ||     2
 Armour: Skin              |     7 |     1 |     6 |    65 |    94 ||   173
  Dodge: Dodged            |    34 |    49 |   179 |   364 |   398 ||  1024
  Block: Buckler           |       |       |       |    11 |       ||    11
         Kite shield       |       |       |       |       |    27 ||    27

Table legend: (Time is in decaauts)
 A = Elapsed time spent in this place.
 B = Non-inter-level travel time spent in this place.
 C = Inter-level travel time spent in this place.
 D = Time resting spent in this place.
 E = Time spent auto-exploring this place.
 F = Levels seen in this place.
 G = Mean time per level.
                   A        B        C        D        E       F      G
               +--------+--------+--------+--------+--------+-----+--------+
         Total |  22071 |  20842 |   1229 |    705 |  15913 |  19 | 1161.6 |
       Dungeon |  11322 |  10518 |    804 |    110 |   8188 |  11 | 1029.3 |
          Lair |   7939 |   7596 |    343 |    299 |   5911 |   5 | 1587.8 |
  Orcish Mines |   2395 |   2314 |     81 |    296 |   1528 |   2 | 1197.5 |
         Sewer |    413 |    413 |      0 |      0 |    286 |   1 |  413.0 |
               +--------+--------+--------+--------+--------+-----+--------+

Top non-repeatable levels by time:
  Lair:5: 2870 daAuts
    D:10: 1817 daAuts
  Lair:3: 1601 daAuts
  Lair:4: 1573 daAuts
   Orc:1: 1449 daAuts
     D:9: 1350 daAuts
    D:11: 1221 daAuts
     D:2: 1205 daAuts
     D:8: 1079 daAuts
     D:4: 1051 daAuts
  Lair:1: 1036 daAuts
   Orc:2: 946 daAuts
     D:6: 917 daAuts
  Lair:2: 857 daAuts
     D:7: 730 daAuts
